Cat, chaotic male elven Priest ---------------- #...............| --------- ----- ###|....).....<...| |`....... ##-...| # #................# |.......... # |...| #####----------------# +...........#####|I..| # # # ----------- ## |.I.| ### # # ####I#I-I..| #####` ### # #I ----- -------## # #### |......## # # ### |.[..`| # ### #### |.....-######## # -+----- # #### ------- # ##.......## ########## [ # |.....| ### -|--- [----- ### |.....| ########-...| #....|# # ------- ###|...| |>.[-########## #....| ----- ----- Cat the Adept Experience level: 6 Strength: 13 Dexterity: 12 Constitution: 11 Intelligence: 9 Wisdom: 18 Charisma: 12 Health: 42(47) Energy: 99(99) Def: 5 Gold: 0 Moves: 2360 Dungeon seed: KgRvEF501wr9VnNW Game ID: Cat_1614129159 Your Inventory: Weapons a - a blessed +1 mace (weapon in hand) R - 4 +0 darts Armor e - a +0 robe (being worn) n - a +0 leather armor (being worn) r - a +0 pair of speed boots (being worn) Comestibles c - a clove of garlic d - a sprig of wolfsbane G - 3 carrots J - a food ration Scrolls j - a scroll of enchant armor K - a scroll of confuse monster N - a cursed scroll of enchant weapon U - a cursed scroll of enchant armor Spellbooks f - a spellbook of cure sickness g - a spellbook of protection W - a spellbook of blank paper Potions b - 4 potions of holy water k - a potion of oil I - a potion of speed V - a potion of gain energy Z - a potion of gain ability Rings P - a ring of polymorph control Wands l - a wand of nothing (0:6) Tools h - a leather drum i - a cursed tallow candle (0:200) o - a mirror s - a lock pick S - a wax candle (0:400) T - a tin whistle Gems q - a worthless piece of yellowish brown glass z - 2 worthless pieces of orange glass Spells and supernatural/magical abilities: Name Level Category Fail Memory p - protection 1 clerical 0% 89% K - cure sickness 3 healing 55% 89% W - pray for help -- divine ? -- X - turn undead -- divine ? -- Your skills at the end: Fighting Skills Weapon Skills mace [Basic] Spellcasting Skills clerical spells [Basic] Final Attributes: You were stridently aligned. You were sleep resistant. You were blinded. You had infravision. You were very fast. You were unlucky. You survived. Vanquished creatures: a small mimic 5 bugbears an orc shaman 2 shriekers a gnome lord a gnomish wizard a little dog a kitten a kobold lord a monkey 3 dwarf zombies an iguana 6 killer bees an acid blob a hobbit 7 hobgoblins a giant rat a green mold 3 garter snakes 9 jackals a fox 3 kobolds a goblin 5 sewer rats 6 grid bugs 5 lichens a kobold zombie 4 newts 74 creatures vanquished. Genocided species: master liches 1 species genocided. Voluntary challenges: You used a wielded weapon 108 times, starting on turn 84. You read items or engraved 7 times, starting on turn 346. You genocided 1 type of monster, starting on turn 2033. You never polymorphed an object. You never changed form. You used no wishes. You never split a pudding. You wrote Elbereth's name 1 time, starting on turn 346. You violated your moral code, losing 15 points of alignment, starting on turn 2310. Dungeon overview: The Dungeons of Doom: levels 1 to 8 Level 1 some fountains, a sink a long staircase Level 2 (Poseidon altar) a weapon shop, an altar to Poseidon, some fountains Level 3 a general store Level 4 (r stair is mines) stairs to The Gnomish Mines Level 5 (poseidon altar) an altar to Poseidon Level 6 (Altar level) an altar to Poseidon Level 7 a throne Level 8 <- You were here The Gnomish Mines: Level 5 stairs to The Dungeons of Doom History has recorded: On T:1 you entered the Dungeons of Doom to retrieve the Amulet of Yendor! On T:253 you reached level 2 of The Dungeons of Doom. On T:465 you advanced to experience level 2. On T:506 you reached level 3 of The Dungeons of Doom. On T:711 you advanced to experience level 3. On T:871 you reached level 4 of The Dungeons of Doom. On T:1080 you reached level 1 of The Gnomish Mines. On T:1086 you advanced to experience level 4. On T:1137 you reached level 5 of The Dungeons of Doom. On T:1320 you reached level 6 of The Dungeons of Doom. On T:1555 you reached level 7 of The Dungeons of Doom. On T:1619 you advanced to experience level 5. On T:1706 you advanced to experience level 6. On T:2064 you reached level 8 of The Dungeons of Doom. Score breakdown: Gold: 0 ( 0 points) Experience: 6 levels (12456 points) Exploration: 8 levels ( 16.33%) (11456 points) Discoveries: 10 items ( 3.50%) ( 5609 points) Valuables value: (no points given unless you survive) Artifact value: 0 ( 0 points) Variety of kills: 28 monsters ( 7.35%) ( 8132 points) Turncount: 2360 turns ( -245 points) Survival: quit (score multiplied by 90%) Total score: 33667 Latest messages: Your purse feels lighter. You attack thin air. It hits! Your purse feels lighter. You attack thin air. (2x) You try to feel what is lying here on the floor. You feel here 20 gold pieces. $ - 20 gold pieces. You sense a monster nearby! You hit it. It hits! Your purse feels lighter. You attack thin air. (2x) There is nothing here to pick up. (2x) The door resists! The door opens. Wait! There's something there you can't see! It hits! There's still a monster there. You attack thin air. (2x) Use the 'moveonly' command to move into a remembered wall. (5x) Final status: Goodbye Cat the Priest, quit... You quit in The Dungeons of Doom on dungeon level 8 with 33667 points, and 0 pieces of gold, after 2360 moves. You were level 6 with a maximum of 47 hit points when you quit.